[Event "LTU-ch Men 2019"]
[Site "Vilnius"]
[Date "2019.03.17"]
[Round "4.11"]
[White "Likatavicius, Rapolas"]
[Black "Zaksaite, Salomeja"]
[Result "0-1"]
[ECO "D85"]
[WhiteElo "1769"]
[BlackElo "2260"]
[Annotator "NA"]
[PlyCount "96"]
[EventDate "2019.??.??"]
[EventCountry "LTU"]
[SourceTitle "playchess.com"]
[Source "ChessBase"]
[SourceQuality "1"]
[TimeControl "5400+30"]

1. d4 Nf6 2. c4 g6 3. Nc3 d5 4. cxd5 Nxd5 5. e4 Nxc3 6. bxc3 Bg7 7. Nf3 c5 8. Rb1 Nc6 9. d5 Ne5 10. Nxe5 Bxe5 11. Bb5+ {[%emt 0:00:05] D85: Exchange Grünfeld: Unusual White 7th moves and lines with 7 Nf3} (11. Qa4+ Bd7 12. Qb3 Qc7 13. g3 O-O 14. Bg2 e6 15. c4 Qa5+ 16. Bd2 Qa6 17. O-O {½-½ (17) Arnold,M (2504)-Goh,W (2451) Budapest 2011}) 11... Bd7 12. Qd3 O-O 13. Bh6 Bg7 14. Bxg7 Kxg7 15. O-O Bxb5 $146 ({Predecessor:} 15... a6 16. Bxd7 Qxd7 17. Rb6 Qc7 18. Rfb1 Rfb8 {1-0 (27) Toca,A-Nad,R (1864) ICCF email 2015}) 16. Rxb5 b6 17. c4 e5 18. f4 ({White should play} 18. a4 $16) 18... exf4 $1 19. Rxf4 Qg5 20. Rf1 Qe5 21. d6 (21. Re1 $11) 21... Rad8 22. d7 f6 23. Qd5 (23. Rbb1 $17 {keeps fighting.}) 23... Qe7 ({Less strong is} 23... Qxd5 24. exd5 Rxd7 25. Re1 $15) 24. Rd1 Rf7 25. Qc6 Rxd7 26. Rbb1 Qe8 27. Rd6 Rd8 28. a4 Qxc6 29. Rxc6 Rd4 30. a5 Rxe4 31. axb6 axb6 32. Rbxb6 Rxc4 33. Rb5 Rc1+ 34. Kf2 Rc2+ 35. Kf3 Ra7 36. Rcxc5 Ra3+ 37. Ke4 Rxg2 38. Rc7+ Kh6 39. Rbb7 Kg5 40. Rxh7 f5+ 41. Kd5 f4 42. Rb4 Rd2+ 43. Ke5 $2 (43. Kc4) 43... Re3+ 44. Re4 Rde2 45. Rxe3 Rxe3+ ({Stronger than} 45... fxe3 46. Ke4 $11) 46. Kd4 Kg4 47. Rg7 g5 48. Rf7 Rh3 $19 0-1

[Event "LTU-ch Men 2019"]
[Site "Vilnius"]
[Date "2019.03.17"]
[Round "4.12"]
[White "Kaunas, Kestutis"]
[Black "Voronov, Vadim"]
[Result "1-0"]
[ECO "D06"]
[WhiteElo "2156"]
[BlackElo "1784"]
[Annotator "NA"]
[PlyCount "80"]
[EventDate "2019.??.??"]
[EventCountry "LTU"]
[SourceTitle "playchess.com"]
[Source "ChessBase"]
[SourceQuality "1"]
[TimeControl "5400+30"]

1. d4 d5 2. c4 Bf5 3. cxd5 Bxb1 4. Qa4+ c6 5. dxc6 Nxc6 6. Rxb1 Qxd4 7. Qxd4 Nxd4 8. Bd2 {[%emt 0:01:35] D06: Queen's Gambit: Symmetrical and Baltic Defences} (8. e3 Nc6 9. Nf3 e6 10. a3 Bd6 11. b4 Ke7 12. Bb2 Nf6 13. Bd3 Rhd8 14. Ke2 h6 15. Rhc1 Rac8 16. Rc2 a5 17. bxa5 Nxa5 18. Bc3 b6 19. Nd4 Kf8 20. Nb5 Be7 {½-½ (20) Markus,R (2662)-Miladinovic,I (2545) Niksic 2016}) 8... e6 9. e3 Nc6 10. Bb5 Rc8 11. Rc1 Nge7 12. Nf3 a6 13. Ba4 b5 14. Bb3 g6 $146 ({Predecessor:} 14... Ng6 15. Nd4 Kd7 16. Nxc6 Rxc6 17. Rxc6 Kxc6 {½-½ (44) Vourtsas,A-Kazantzidis,P (2125) Chalkidiki 2002}) 15. Bc3 Rg8 16. Ke2 Bg7 17. Ng5 Bxc3 18. Rxc3 Na5 19. Nxh7 Rxc3 20. bxc3 Rh8 21. Nf6+ Kf8 22. Ne4 Rh5 23. g4 Rh4 24. Kf3 Nxb3 25. axb3 f5 26. Nc5 Nd5 (26... Kf7 $16) 27. Nxe6+ Kf7 28. gxf5 gxf5 29. Nd4 Nxc3 30. Nxf5 Rh3+ 31. Kg4 Rh8 32. h4 Ne4 33. Ra1 Nxf2+ 34. Kf3 Kf6 35. e4 Nd3 36. Rxa6+ Ke5 37. Rb6 Ne1+ 38. Kf2 Nd3+ $2 (38... Nc2 {is tougher.} 39. Rxb5+ (39. Kf3) 39... Kxe4 40. Rc5 Rf8 $18) 39. Ke3 Rd8 40. Nh6 Ra8 1-0

[Event "LTU-ch Men 2019"]
[Site "Vilnius"]
[Date "2019.03.17"]
[Round "4.13"]
[White "Valantiejus, Vaidotas"]
[Black "Kalinauskas, Vytautas"]
[Result "1-0"]
[ECO "B06"]
[WhiteElo "2048"]
[BlackElo "1783"]
[Annotator "NA"]
[PlyCount "115"]
[EventDate "2019.??.??"]
[EventCountry "LTU"]
[SourceTitle "playchess.com"]
[Source "ChessBase"]
[SourceQuality "1"]
[TimeControl "5400+30"]

1. e4 g6 2. d4 Bg7 3. Nc3 d6 4. f4 e5 (4... Nf6 $11) 5. Nf3 (5. dxe5 dxe5 6. Qxd8+ Kxd8 7. Nf3 Nc6 8. fxe5 h6 9. Bf4 g5 10. O-O-O+ Bd7 11. Bg3 g4 12. Nd4 Nge7 {1-0 (23) Aleksandrov,A (2596)-Filipets,E (2240) Minsk 2015}) 5... exd4 6. Nxd4 {[%emt 0:00:14] B06: Modern Defence} Nc6 7. Nxc6 bxc6 8. Bc4 Qh4+ 9. g3 Qh3 10. Bf1 Qe6 11. Bg2 $146 ({Predecessor:} 11. Bd3 f5 12. Qe2 Ne7 13. O-O O-O 14. Re1 fxe4 15. Nxe4 Nf5 16. c3 d5 17. Nc5 Qd6 {1-0 (17) Zdanevich,G-Danilchenko,M Armavir 1995}) 11... Ba6 12. Ne2 Qc4 13. c3 Ne7 14. Nd4 Bxd4 15. cxd4 Qb4+ 16. Kf2 O-O 17. Re1 d5 18. Qd2 Qd6 19. e5 Qe6 20. b3 Qf5 21. Ba3 Rfe8 22. Rac1 Rab8 23. Bxe7 Rxe7 24. Rxc6 Bb7 25. Rc5 ({Inferior is} 25. Bxd5 Qd7 $17 {[%mdl 64] Pin}) 25... c6 26. b4 a6 27. Bf1 h5 28. h4 Kg7 29. Kg2 Bc8 30. Kh2 Reb7 31. a3 Bd7 32. e6 Bxe6 33. Rxc6 a5 34. Re5 Qb1 35. Rc1 $2 (35. Bd3 $18 {is the precise move to win.} Qb3 36. f5 Bxf5 37. Bxf5) 35... Qb3 36. Re3 Qa4 37. b5 Bd7 38. Be2 $11 Bg4 39. Bf1 Bd7 40. Rb1 Bxb5 41. Reb3 Bc6 42. Rxb7 Rxb7 43. Rxb7 Bxb7 44. Qe3 Qc2+ 45. Bg2 Qc4 46. Qe5+ Kf8 47. Qb8+ Qc8 48. Qxc8+ Bxc8 49. Bxd5 Ke7 50. Kg2 Bf5 51. Kf3 Bg4+ 52. Ke3 f6 53. Be4 f5 54. Bd5 Bd1 55. Kd3 Ba4 56. Kc4 Bc2 57. Kb5 a4 58. Kb4 1-0

[Event "LTU-ch Men 2019"]
[Site "Vilnius"]
[Date "2019.03.17"]
[Round "4.14"]
[White "Bagdanskis, Dangis"]
[Black "Eigminas, Kipras"]
[Result "0-1"]
[ECO "A48"]
[WhiteElo "1716"]
[BlackElo "2034"]
[Annotator "NA RC"]
[PlyCount "46"]
[EventDate "2019.??.??"]
[EventCountry "LTU"]
[SourceTitle "playchess.com"]
[Source "ChessBase"]
[SourceQuality "1"]
[TimeControl "5400+30"]

1. d4 Nf6 2. Nf3 g6 3. Bf4 Bg7 4. e3 O-O 5. Be2 c5 6. c3 d6 7. O-O b6 8. Qb3 Nbd7 9. h3 Bb7 10. Nbd2 Qc7 {[%emt 0:00:26] A48: 1 d4 Nf6 2 Nf3 g6: Torre, London and Colle Systems} (10... a6) 11. Bh2 a6 12. Ne1 $146 ({Predecessor:} 12. a4 Rab8 13. Rfd1 b5 14. Rdc1 c4 15. Qc2 Qc6 16. axb5 axb5 17. b4 Ra8 18. Ne1 e5 19. dxe5 dxe5 20. Ndf3 {0-1 (46) Kotlar,A (2047)-Peleikis,H (1986) Binz 2017}) 12... e5 13. dxe5 dxe5 14. Bf3 Rad8 15. Bxb7 Qxb7 16. a4 e4 17. Nc4 Qc6 18. Rd1 b5 19. axb5 axb5 20. Nd6 $14 Nb6 21. Nxf7 Rxd1 22. Nh6+ Kh8 23. Qg8+ Nxg8 0-1

[Event "LTU-ch Men 2019"]
[Site "Vilnius"]
[Date "2019.03.17"]
[Round "5.3"]
[White "Kalvaitis, Sigitas"]
[Black "Zickus, Simonas"]
[Result "1/2-1/2"]
[ECO "B31"]
[WhiteElo "2143"]
[BlackElo "2330"]
[Annotator "NA"]
[PlyCount "36"]
[EventDate "2019.??.??"]
[EventCountry "LTU"]
[SourceTitle "playchess.com"]
[Source "ChessBase"]
[SourceQuality "1"]
[TimeControl "5400+30"]

1. e4 c5 2. Nf3 Nc6 3. Bb5 g6 4. O-O Bg7 5. c3 e5 6. d4 cxd4 7. cxd4 exd4 8. Bf4 Nge7 9. Bd6 O-O 10. Nbd2 a6 11. Bc4 b5 12. Bd5 Bb7 13. Nb3 Nxd5 14. Bxf8 Qxf8 15. exd5 Ne5 16. Nbxd4 Qd6 17. Rc1 Qxd5 $14 18. b3 a5 1/2-1/2

[Event "LTU-ch Men 2019"]
[Site "Vilnius"]
[Date "2019.03.17"]
[Round "5.5"]
[White "Eigminas, Kipras"]
[Black "Mickevicius, Juras"]
[Result "1/2-1/2"]
[ECO "B11"]
[WhiteElo "2034"]
[BlackElo "2273"]
[Annotator "ChessBase"]
[PlyCount "43"]
[EventDate "2019.??.??"]
[EventCountry "LTU"]
[SourceTitle "playchess.com"]
[Source "ChessBase"]
[SourceQuality "1"]
[TimeControl "5400+30"]

1. e4 c6 2. Nf3 d5 3. Nc3 Bg4 4. h3 Bxf3 5. Qxf3 e6 6. Be2 Nf6 7. O-O Nbd7 8. d4 dxe4 9. Nxe4 Nxe4 10. Qxe4 Nf6 11. Qd3 Bd6 12. Rd1 Qc7 13. Bf3 Bh2+ 14. Kh1 Bf4 15. c4 O-O 16. b4 Bxc1 17. Raxc1 Rad8 18. Qc3 Rd7 19. a4 a6 20. a5 Rfd8 21. g3 h6 22. Kg2 1/2-1/2

[Event "LTU-ch Men 2019"]
[Site "Vilnius"]
[Date "2019.03.17"]
[Round "5.6"]
[White "Zaksaite, Salomeja"]
[Black "Zilakauskis, Steponas"]
[Result "1-0"]
[ECO "C15"]
[WhiteElo "2260"]
[BlackElo "1679"]
[Annotator "NA RC"]
[PlyCount "59"]
[EventDate "2019.??.??"]
[EventCountry "LTU"]
[SourceTitle "playchess.com"]
[Source "ChessBase"]
[SourceQuality "1"]
[TimeControl "5400+30"]

1. e4 e6 2. d4 d5 3. Nc3 Bb4 4. Nge2 Nc6 5. e5 f6 6. Nf4 {[%emt 0:02:19] C15: French: 3 Nc3 Bb4: Unusual White 4th moves} Qe7 7. Bb5 Bd7 $146 ({Predecessor:} 7... fxe5 8. Bxc6+ bxc6 9. Qh5+ Qf7 10. Qxf7+ Kxf7 11. dxe5 Ba6 12. Bd2 Bf8 13. O-O-O {1-0 (54) Saptarshi,R (2402)-Grover,S (2509) Kolkata 2012}) 8. Bxc6 bxc6 9. Nd3 c5 10. a3 Ba5 11. Nxc5 fxe5 (11... Bb6 $16) 12. Qh5+ Kf8 13. Qxe5 Nf6 14. O-O h6 15. b4 Bb6 16. a4 Bxc5 17. dxc5 Be8 18. Ba3 a6 {[%emt 0:01:21] [#]} 19. c6 $1 Kg8 20. b5 Qf7 21. Rfe1 axb5 22. axb5 Qg6 23. Qxc7 Qxc2 {[%emt 0:00:08] [#]} 24. Qe5 (24. Bf8 $142 $1 Kxf8 25. Rxa8 {[%mdl 64] Decoy}) 24... Ng4 25. Qxe6+ Bf7 26. Qxg4 Qxc3 {[%emt 0:00:16] [#]} 27. Bb2 $1 {[%emt 0:00:27] Discovered Attack} Qxb2 28. Rxa8+ Kh7 29. Rxh8+ (29. Qf5+ $142 Bg6 30. Rxh8+ {[%mdl 64] Overworked Piece} Kxh8 31. Qxg6 Qb1 32. Qxb1 g5 33. Qg6 d4 34. Re8#) 29... Kxh8 30. c7 1-0

[Event "LTU-ch Men 2019"]
[Site "Vilnius"]
[Date "2019.03.17"]
[Round "5.11"]
[White "Jablokov, Dmitrij"]
[Black "Juknis, Paulius"]
[Result "1/2-1/2"]
[ECO "D45"]
[WhiteElo "1859"]
[BlackElo "2219"]
[Annotator "NA"]
[PlyCount "42"]
[EventDate "2019.??.??"]
[EventCountry "LTU"]
[SourceTitle "playchess.com"]
[Source "ChessBase"]
[SourceQuality "1"]
[TimeControl "5400+30"]

1. d4 d5 2. c4 c6 3. Nc3 Nf6 4. e3 e6 5. Nf3 a6 6. Bd3 dxc4 7. Bxc4 b5 8. Bd3 c5 9. dxc5 Bxc5 10. O-O Bb7 11. a3 O-O 12. b4 {[%emt 0:00:07] D37: Queen's Gambit Declined: 5 Bf4} Ba7 13. Bb2 Nbd7 14. Qe2 Qe7 15. Rfd1 Rfd8 $146 ({Predecessor:} 15... Rac8 16. Ng5 {0-1 (37) Olafsson,F-Hjartarson,J (2415) Reykjavik 1984}) 16. Rac1 Rac8 17. Nb1 Rxc1 18. Rxc1 Bb8 19. Nbd2 Qd6 20. Rd1 Nf8 21. Nf1 Qe7 $11 1/2-1/2

[Event "LTU-ch Men 2019"]
[Site "Vilnius"]
[Date "2019.03.17"]
[Round "5.12"]
[White "Stremavicius, Pijus"]
[Black "Pluta, Paulius"]
[Result "1/2-1/2"]
[ECO "B47"]
[WhiteElo "2079"]
[BlackElo "1846"]
[Annotator "NA"]
[PlyCount "56"]
[EventDate "2019.??.??"]
[EventCountry "LTU"]
[SourceTitle "playchess.com"]
[Source "ChessBase"]
[SourceQuality "1"]
[TimeControl "5400+30"]

1. Nf3 c5 2. e4 e6 3. d4 cxd4 4. Nxd4 Nc6 5. Nc3 Qc7 6. Nxc6 bxc6 7. Bd3 Bb4 {[%emt 0:02:55] B47: Sicilian: Taimanov: 5 Nc3 Qc7 6 f4, 6 g3 and 6 Be2} (7... Nf6 8. O-O e5 9. Kh1 Be7 10. f4 d6 11. Qf3 Rb8 12. fxe5 dxe5 13. b3 O-O 14. Bg5 Be6 15. Nd1 Rfd8 16. Ne3 Ne8 17. Bxe7 Qxe7 {0-1 (58) Khachiyan,M (2522)-Ramirez Alvarez,A (2568) chess.com INT 2018}) 8. O-O Ne7 $146 ({Predecessor:} 8... Bxc3 9. bxc3 Ne7 10. Ba3 c5 11. c4 O-O 12. f4 Bb7 13. f5 Qe5 14. Rb1 Bc6 15. Bb2 {0-1 (26) Babic,M (1767)-Lee,M (1646) Melbourne 2002}) 9. Ne2 d5 10. a3 Bd6 11. f4 Bc5+ 12. Kh1 O-O 13. b4 Bb6 14. c4 dxc4 15. Bxc4 a5 16. Bb2 Ba6 17. Bxa6 Rxa6 18. Qd3 Qc8 19. f5 exf5 20. exf5 f6 21. Ng3 (21. Rae1 $14) 21... axb4 22. Nh5 Nd5 23. axb4 Rxa1 24. Bxa1 Qe8 25. Ng3 $17 Nxb4 26. Qd6 Nd5 27. Rc1 Bc7 28. Qxc6 Qxc6 1/2-1/2

[Event "LTU-ch Men 2019"]
[Site "Vilnius"]
[Date "2019.03.17"]
[Round "5.13"]
[White "Ketlerius, Arijus"]
[Black "Narmontas, Raimondas"]
[Result "0-1"]
[ECO "A04"]
[WhiteElo "1841"]
[BlackElo "2019"]
[Annotator "NA RC"]
[PlyCount "52"]
[EventDate "2019.??.??"]
[EventCountry "LTU"]
[SourceTitle "playchess.com"]
[Source "ChessBase"]
[SourceQuality "1"]
[TimeControl "5400+30"]

1. Nf3 e6 2. c4 f5 3. g3 Nf6 4. Bg2 d5 5. O-O c6 6. b3 Bd6 7. Bb2 O-O 8. d3 Nbd7 9. Nbd2 e5 10. cxd5 {[%emt 0:07:24] A10: English Opening: Unusual Replies for Black} cxd5 11. e4 fxe4 12. dxe4 d4 13. Nc4 Qe7 (13... Bc7 14. Ba3 Re8 15. Qe2 Nf8 16. Ne1 a5 17. Nd3 b5 {½-½ (49) Galchenko,M (2336)-Sundararajan,K (2444) Pardubice 2017}) 14. Nxd6 Qxd6 15. a4 $146 ({Predecessor:} 15. Ne1 Nc5 16. Ba3 b6 17. Nd3 Ba6 18. Bxc5 bxc5 {1-0 (35) Oginski,U (1769)-Neumann,T (2151) Berlin 2016}) 15... Nc5 {[%emt 0:11:12] [#]} 16. Nd2 (16. Bxd4 $1 $16 exd4 17. e5 {[%mdl 64] Double Attack}) 16... b6 {[%emt 0:06:29] [#]} 17. Nc4 (17. b4 $1 $16) 17... Qe6 {[%emt 0:03:48] [#]} 18. Re1 (18. Nxe5 $1 $14 Qxe5 19. Bxd4) 18... Ba6 {[%emt 0:04:37] [#]} (18... Bb7 $15) 19. Bf1 $2 (19. Nxe5 $1 $14 Rad8 (19... Qxe5 20. Bxd4) 20. Bxd4) 19... Nfxe4 20. f3 {[%emt 0:02:01] [#]} Ng5 $1 21. Nxe5 (21. Rxe5 $17 Nxf3+ 22. Qxf3 Rxf3 23. Rxe6 Nxe6 24. Nd2 Rxf1+ 25. Nxf1) 21... Bxf1 22. Kxf1 Rad8 $2 (22... Nd7 23. Qe2 Nxe5) 23. f4 Qd5 $19 ({Not} 23... Nxb3 24. Ra3 $17) ({Worse is} 23... Qxb3 24. Qxb3+ Nxb3 25. Rad1 $11) 24. Qh5 Qh1+ 25. Kf2 Nge4+ 26. Ke2 d3+ 0-1

[Event "LTU-ch Men 2019"]
[Site "Vilnius"]
[Date "2019.03.17"]
[Round "5.14"]
[White "Greicius, Pijus"]
[Black "Indriunas, Matas"]
[Result "1/2-1/2"]
[ECO "A40"]
[WhiteElo "1589"]
[BlackElo "1908"]
[Annotator "NA RC"]
[PlyCount "44"]
[EventDate "2019.??.??"]
[EventCountry "LTU"]
[SourceTitle "playchess.com"]
[Source "ChessBase"]
[SourceQuality "1"]
[TimeControl "5400+30"]

1. d4 g6 2. Bf4 Bg7 3. Nf3 d6 4. c3 Nd7 5. h3 e5 6. dxe5 dxe5 7. Bh2 Qe7 8. e3 Ngf6 9. Be2 O-O 10. O-O c6 11. Nbd2 Ne8 12. a4 Nc7 13. Qc2 f5 14. Rfe1 g5 15. Nc4 h5 16. Rad1 g4 17. hxg4 hxg4 18. Nfd2 Qg5 $18 (18... Qe6 $14) 19. Bd3 Kh8 20. Nd6 Nc5 21. N2c4 Nxd3 22. Qxd3 Qe7 1/2-1/2

[Event "LTU-ch Men 2019"]
[Site "Vilnius"]
[Date "2019.03.18"]
[Round "6.8"]
[White "Bagvilas, Lukas"]
[Black "Eigminas, Kipras"]
[Result "0-1"]
[ECO "B25"]
[WhiteElo "1973"]
[BlackElo "2034"]
[Annotator "NA RC"]
[PlyCount "60"]
[EventDate "2019.??.??"]
[EventCountry "LTU"]
[SourceTitle "playchess.com"]
[Source "ChessBase"]
[SourceQuality "1"]
[TimeControl "5400+30"]

1. e4 c5 2. Nc3 Nc6 3. g3 g6 4. Bg2 Bg7 5. d3 d6 6. f4 e6 7. Nf3 Nge7 8. O-O O-O 9. Ne2 Rb8 10. c3 b5 11. a3 a5 12. d4 b4 13. axb4 axb4 14. Be3 bxc3 15. bxc3 cxd4 16. cxd4 Nb4 17. Qd2 Ba6 18. Rfb1 Nec6 19. Rc1 Na5 20. Rab1 Nc4 21. Rxc4 Bxc4 22. Rxb4 Rxb4 23. Qxb4 Bxe2 24. Qd2 Bc4 25. Qc2 Qc8 26. Bh3 Qa6 27. f5 Bd3 28. Qc7 Bxe4 29. fxe6 fxe6 30. Ne1 Qe2 0-1

[Event "LTU-ch Men 2019"]
[Site "Vilnius"]
[Date "2019.03.18"]
[Round "6.14"]
[White "Mickus, Benas"]
[Black "Stremavicius, Pijus"]
[Result "0-1"]
[ECO "A41"]
[WhiteElo "1835"]
[BlackElo "2079"]
[Annotator "NA RC"]
[PlyCount "70"]
[EventDate "2019.??.??"]
[EventCountry "LTU"]
[SourceTitle "playchess.com"]
[Source "ChessBase"]
[SourceQuality "1"]
[TimeControl "5400+30"]

1. d4 d6 2. Bg5 c5 3. dxc5 Qa5+ 4. Nc3 Qxc5 5. Qd2 h6 6. Be3 Qc7 7. O-O-O Nf6 8. h3 a6 9. g4 b5 10. Bg2 Bb7 11. Bxb7 Qxb7 12. Nf3 Nbd7 13. Rdg1 Nb6 14. Bxb6 Qxb6 15. e4 e6 16. Re1 Be7 17. Rhg1 b4 18. Nd1 Qc6 19. Nd4 Qc5 20. f4 d5 21. exd5 Nxd5 22. Nb3 Qc4 23. Rgf1 Rc8 24. Kb1 O-O 25. Qe2 Bh4 26. Qxc4 Rxc4 27. Re2 Rxf4 28. Rxf4 Nxf4 29. Re3 Rd8 30. Kc1 Bg5 31. Nd2 Nxh3 32. c4 bxc3 33. bxc3 Bxe3 34. Nxe3 Rd3 35. Nd1 f5 0-1

[Event "LTU-ch Men 2019"]
[Site "Vilnius"]
[Date "2019.03.19"]
[Round "7.4"]
[White "Eigminas, Kipras"]
[Black "Chocenka, Dmitrijus"]
[Result "0-1"]
[ECO "B40"]
[WhiteElo "2034"]
[BlackElo "2287"]
[Annotator "NA"]
[PlyCount "102"]
[EventDate "2019.??.??"]
[EventCountry "LTU"]
[SourceTitle "playchess.com"]
[Source "ChessBase"]
[SourceQuality "1"]
[TimeControl "5400+30"]

1. e4 e6 2. d4 c5 3. Nf3 cxd4 4. Nxd4 Bc5 5. Nb3 Bb6 6. Nc3 Ne7 7. Bf4 d5 8. exd5 exd5 9. Bd3 Nbc6 10. Qh5 Nb4 11. Bb5+ Bd7 12. O-O-O Nxa2+ 13. Nxa2 Bxb5 14. Nc3 Bc6 15. Rhe1 O-O 16. Rd3 Bc7 17. Bg5 f6 18. Rh3 fxg5 19. Qxh7+ Kf7 20. Nc5 Bf4+ 21. Kb1 Rh8 22. Qd3 Qd6 23. Ne6 Rxh3 24. Qxh3 Bd7 25. Qh5+ Kg8 26. Nxf4 gxf4 27. Re5 Rf8 28. Qg5 Rf6 29. Nxd5 Nxd5 30. Rxd5 Qe6 31. Rd1 Qf5 32. Qh4 Qg4 33. Qxg4 Bxg4 34. f3 Bf5 35. Rd8+ Kh7 36. g4 Be6 37. h4 Bc4 38. g5 Re6 39. b3 Be2 40. Rd4 Bxf3 41. Rxf4 Bh5 42. Rc4 Rc6 43. Rd4 Bg6 44. Rd7 Rxc2 45. h5 Be4 46. Ka1 Rg2 47. Re7 Bf3 48. Rf7 Bxh5 49. Rxb7 a6 50. Rb6 Be2 51. Re6 Bb5 0-1

[Event "LTU-ch Men 2019"]
[Site "Vilnius"]
[Date "2019.03.19"]
[Round "7.5"]
[White "Kalvaitis, Sigitas"]
[Black "Mickevicius, Juras"]
[Result "1/2-1/2"]
[ECO "B14"]
[WhiteElo "2143"]
[BlackElo "2273"]
[Annotator "ChessBase"]
[PlyCount "80"]
[EventDate "2019.??.??"]
[EventCountry "LTU"]
[SourceTitle "playchess.com"]
[Source "ChessBase"]
[SourceQuality "1"]
[TimeControl "5400+30"]

1. e4 c6 2. d4 d5 3. exd5 cxd5 4. c4 Nf6 5. Nc3 e6 6. Nf3 Be7 7. cxd5 Nxd5 8. Bd3 Nc6 9. O-O O-O 10. a3 Bf6 11. Be3 Nxc3 12. bxc3 b6 13. Qc2 g6 14. Rad1 Bb7 15. Be4 Qc7 16. c4 Ne7 17. Bxb7 Qxb7 18. Bg5 Bg7 19. d5 exd5 20. cxd5 f6 21. Bh4 Nxd5 22. Qe4 Rad8 23. Rd3 Qf7 24. Qa4 Rc8 25. Qd4 Ne7 26. Qa4 Nf5 27. Rd7 Qc4 28. Qxa7 Ra8 29. Qc7 Qxc7 30. Rxc7 Rxa3 31. Bg3 Nxg3 32. hxg3 Raa8 33. Rb1 Rfb8 34. Nd4 f5 35. Nc6 Re8 36. Rxb6 Ra1+ 37. Kh2 Bf8 38. Rb8 Rxb8 39. Nxb8 Bd6 40. Rc6 Bxb8 1/2-1/2

[Event "LTU-ch Men 2019"]
[Site "Vilnius"]
[Date "2019.03.19"]
[Round "7.8"]
[White "Zaksaite, Salomeja"]
[Black "Maziukas, Kasparas"]
[Result "1-0"]
[ECO "C16"]
[WhiteElo "2260"]
[BlackElo "1931"]
[Annotator "NA"]
[PlyCount "57"]
[EventDate "2019.??.??"]
[EventCountry "LTU"]
[SourceTitle "playchess.com"]
[Source "ChessBase"]
[SourceQuality "1"]
[TimeControl "5400+30"]

1. e4 e6 2. d4 d5 3. Nc3 Bb4 4. e5 Ne7 5. Bd2 b6 6. Qg4 O-O 7. Nf3 Ba6 8. Bxa6 Nxa6 9. h4 Nf5 10. h5 Be7 11. h6 g6 12. Ne2 Nb4 13. Bxb4 Bxb4+ 14. c3 Be7 15. Qh3 g5 16. g4 Nh4 17. Nxh4 gxh4 18. f4 f5 19. exf6 Rxf6 20. g5 Rf5 21. Qxh4 Bd6 22. O-O c5 23. Ng3 Rf7 24. Qg4 Qf8 25. Qxe6 Re8 26. Qxd5 Re3 27. Nf5 Qe8 28. Nxd6 Rg3+ 29. Kh2 1-0

[Event "LTU-ch Men 2019"]
[Site "Vilnius"]
[Date "2019.03.19"]
[Round "7.9"]
[White "Zilakauskis, Steponas"]
[Black "Juknis, Paulius"]
[Result "0-1"]
[ECO "D02"]
[WhiteElo "1679"]
[BlackElo "2219"]
[Annotator "NA"]
[PlyCount "102"]
[EventDate "2019.??.??"]
[EventCountry "LTU"]
[SourceTitle "playchess.com"]
[Source "ChessBase"]
[SourceQuality "1"]
[TimeControl "5400+30"]

1. d4 d5 2. Nf3 Nc6 3. Bf4 Bg4 4. e3 e6 5. Nbd2 Bd6 6. Bg3 Nf6 {[%emt 0:02:23] D02: 1 d4 d5 2 Nf3 sidelines, including 2...Nf6 3 g3 and 2...Nf6 3 Bf4} 7. c4 O-O 8. cxd5 $146 ({Predecessor:} 8. Be2 Ne4 9. O-O Nxd2 10. Qxd2 dxc4 11. Rfc1 Rb8 12. Rxc4 Bxg3 13. hxg3 Bxf3 14. Bxf3 {½-½ (25) Dydyshko,V (2480)-Manninen,M (2380) Pula 1997}) 8... exd5 9. Be2 Ne7 10. Ne5 Bxe2 11. Qxe2 c6 12. O-O Nf5 13. Bf4 Nd7 14. Qg4 Bxe5 15. dxe5 Ne7 16. Rad1 Ng6 17. Nf3 Qe8 18. Qh5 f6 19. e6 Qxe6 20. Nd4 Qf7 21. Bg3 Ne7 22. Qh3 f5 23. Bd6 Rae8 24. f3 Qf6 25. Ba3 c5 26. Nb5 Qc6 27. Nc3 Ne5 28. b3 b5 29. Bb2 b4 30. Ne2 N7g6 31. Qg3 c4 32. Bd4 Nd3 33. Nf4 Ndxf4 34. exf4 Qc7 35. Rfe1 Qxf4 36. Bc5 Qxg3 37. hxg3 Rxe1+ 38. Rxe1 $19 Rc8 39. Bxb4 c3 40. Bxc3 Rxc3 41. Rd1 Ne7 42. Rd2 Kf7 43. Kf2 Ke6 44. b4 Kd6 45. Ke2 Nc6 46. b5 Nb4 47. a4 Rc2 48. Rxc2 Nxc2 49. Kd3 Ne1+ 50. Ke2 Nxg2 51. Kf2 Ke5 0-1

[Event "LTU-ch Men 2019"]
[Site "Vilnius"]
[Date "2019.03.19"]
[Round "7.10"]
[White "Steponavicius, Stasys"]
[Black "Indriunas, Matas"]
[Result "0-1"]
[ECO "E73"]
[WhiteElo "2194"]
[BlackElo "1908"]
[Annotator "NA"]
[PlyCount "72"]
[EventDate "2019.??.??"]
[EventCountry "LTU"]
[SourceTitle "playchess.com"]
[Source "ChessBase"]
[SourceQuality "1"]
[TimeControl "5400+30"]

1. d4 Nf6 2. c4 g6 3. Nc3 Bg7 4. e4 d6 5. Be2 O-O 6. Bg5 h6 7. Be3 e5 8. d5 Nbd7 9. g4 Nc5 10. f3 a5 11. h4 h5 12. Bg5 hxg4 13. fxg4 Qd7 14. Bxf6 Bxf6 15. Qd2 Qd8 16. g5 Be7 17. O-O-O Kg7 18. Nf3 Rh8 19. Rdg1 c6 20. Qe3 a4 21. Nd2 Bd7 22. Qf3 Qa5 23. Rf1 Raf8 24. Qg3 Rh7 25. Rf3 a3 26. b3 Rfh8 27. Rff1 Bxg5 28. Qxg5 Qxc3+ 29. Kd1 Qa1+ 30. Kc2 Qxa2+ 31. Kd1 Qa1+ 32. Kc2 Qb2+ 33. Kd1 a2 34. Qf6+ Kf8 35. Qd8+ Be8 36. Qxd6+ Kg8 0-1

[Event "LTU-ch Men 2019"]
[Site "Vilnius"]
[Date "2019.03.19"]
[Round "7.11"]
[White "Juksta, Karolis"]
[Black "Paulauskas, Andrius"]
[Result "1-0"]
[ECO "A40"]
[WhiteElo "2281"]
[BlackElo "1867"]
[Annotator "NA"]
[PlyCount "83"]
[EventDate "2019.??.??"]
[EventCountry "LTU"]
[SourceTitle "playchess.com"]
[Source "ChessBase"]
[SourceQuality "1"]
[TimeControl "5400+30"]

1. d4 b6 2. e4 Bb7 3. Bd3 e6 4. c4 d5 (4... Nc6 5. Nf3 Nb4 6. O-O Nxd3 7. Qxd3 d6 8. Nc3 Nf6 9. d5 Ba6 10. Qc2 Bb7 11. Qa4+ Qd7 12. Nb5 c6 13. dxc6 Bxc6 {0-1 (52) Holt,C (2548)-Nakamura,H (2749) chess.com INT 2019}) 5. cxd5 exd5 6. e5 {[%emt 0:00:23] A40: Unusual replies to 1 d4} c5 7. f4 Nc6 8. Nf3 Qc7 $146 ({Predecessor:} 8... cxd4 9. O-O Be7 10. f5 f6 11. Qe2 fxe5 12. Nxe5 Nxe5 13. Qxe5 {0-1 (34) Mortensen,R (1941)-Nielsen,R (2340) Runavik 2017}) 9. O-O c4 10. Bc2 O-O-O 11. Nc3 a6 12. Kh1 f6 13. Ne2 Kb8 14. Be3 Ka7 15. a3 g6 16. Qd2 h5 17. Nh4 Nce7 18. Bxg6 Bc8 19. Bc2 Bg7 20. Ng3 Nh6 21. Rae1 Rdg8 22. Bg1 Ng4 23. Ngf5 Nxf5 24. Bxf5 Bxf5 25. Nxf5 Nh6 26. Ne3 Rd8 27. Rc1 Qd7 28. b3 b5 29. a4 cxb3 30. axb5 Qxb5 31. Rc7+ Ka8 32. Rc5 Qb7 33. Ra1 Rhe8 34. Qa5 b2 35. Rb1 Bf8 36. Rc2 Bb4 37. Qa4 Qb5 38. Qxb5 axb5 39. Rcxb2 Bc3 40. Rxb5 Rb8 41. Nxd5 $18 {[%emt 0:00:13] Double Attack} Rxb5 42. Rxb5 1-0